 Dungeon Crawl Stone Soup version 0.27.1-3-gb3d3a73c9e (webtiles) character file.

Game seed: 3545219714928254782

102 jlumianski the Insei (level 4, 0/28 HPs)
             Began as an Octopode Transmuter on Oct 22, 2021.
             Succumbed to an adder's poison
             ... on level 2 of the Dungeon.
             The game lasted 00:10:41 (3110 turns).

jlumianski the Insei (Octopode Transmuter)          Turns: 3110, Time: 00:10:41

Health: 0/28       AC:  1    Str:  9    XL:     4   Next: 77%
Magic:  7/7        EV: 12    Int: 16    God:
Gold:   113        SH:  4    Dex: 12    Spells: 7/8 levels left

rFire    . . .     SeeInvis .     - Unarmed
rCold    . . .     Faith    .   c - +1 buckler
rNeg     . . .     Spirit   .   (helmet restricted)
rPois    .         Reflect  .   (no amulet)
rElec    .         Harm     .   (no ring)
rCorr    .         Rampage  .   (no ring)
Will     .....                  (no ring)
Stlth    +++.......             (no ring)
HPRegen  0.09/turn              (no ring)
MPRegen  0.10/turn              (no ring)
                                (no ring)
                                (no ring)

@: lethally poisoned (0 -> 0), hasted, very quick
A: almost no armour, amphibious, 8 rings, camouflage 1, gelatinous body 1,
(nimble swimmer 1), tentacles
a: no special abilities


You were on level 2 of the Dungeon.
You visited 1 branch of the dungeon, and saw 2 of its levels.

You collected 152 gold pieces.
You spent 39 gold pieces at shops.

Inventory:

Missiles
 b - 5 boomerangs (quivered)
Armour
 c - a +1 buckler (worn)
Scrolls
 a - 4 scrolls of enchant armour
 d - a scroll of teleportation {unknown}
 e - a scroll of noise {unknown}
 f - a scroll of identify {unknown}
 g - a scroll of magic mapping {unknown}


   Skills:
 + Level 1.4 Fighting
 + Level 0.3 Throwing
 + Level 2.6 Dodging
 + Level 1.3 Stealth
 + Level 4.1 Unarmed Combat
 + Level 2.5 Spellcasting
 + Level 2.2 Transmutations


You had 7 spell levels left.
You knew the following spells:

 Your Spells              Type           Power      Damage    Failure   Level
a - Beastly Appendage     Tmut           18%        N/A       13%         1

Your spell library contained the following spells:

 Spells                   Type           Power      Damage    Failure   Level
 Wereblood                Tmut           9%         N/A       21%         2
 Spider Form              Tmut/Pois      2%         N/A       54%         3
 Ice Form                 Ice/Tmut       5%         N/A       91%         4


Dungeon Overview and Level Annotations

Branches:
Dungeon (2/15)

Altars:

Shops:
D:1 *


Innate Abilities, Weirdness & Mutations

You cannot wear most types of armour.
You are amphibious.
You can wear up to eight rings at the same time.
Your skin changes colour to match your surroundings (Stealth+).
Your rubbery body absorbs attacks. (AC +1, EV +1)
((You are camouflaged near water. (Stealth+)))
You have tentacles for arms and can constrict up to eight enemies at once.


Message History

The adder bites you.
You are poisoned.
The adder poisons you!
You tentacle-slap the adder. Your grab misses the adder.
Your tentacle-slap misses the adder.
The adder is severely wounded.
Your transformation is almost over.
You feel sick. The adder bites you.
You miss the adder. Your grab misses the adder.
Your tentacle spike misses the adder.
The adder is severely wounded.
You feel sick. The adder bites you. The adder barely misses you.
You barely miss the adder. Your grab misses the adder.
The adder is severely wounded.
You feel sick. The adder closely misses you.
You barely miss the adder. Your grab misses the adder.
Your squeeze misses the adder.
The adder is severely wounded.
You feel sick. The adder bites you.
You are lethally poisoned!
The adder poisons you!
You tentacle-slap the adder. Your grab misses the adder.
You pierce the adder.
You kill the adder!
* * * LOW HITPOINT WARNING * * *
You feel sick.
* * * LOW HITPOINT WARNING * * *
You feel sick.
* * * LOW HITPOINT WARNING * * *
You feel sick.
* * * LOW HITPOINT WARNING * * *
You feel sick.
It was a potion of haste.
You feel yourself speed up.
* * * LOW HITPOINT WARNING * * *
You feel sick.
* * * LOW HITPOINT WARNING * * *
You feel sick.
Your tentacle spike disappears.
* * * LOW HITPOINT WARNING * * *
You feel sick.
You die...

.#.##.#######.#.##.# #.#####
.#.##.#####.....##.# #......
...#........(.#.##.# ############
##################.# #..........#
.................#.# #.########.#
.......#########.#.# #.# #.#
.......# #.#.# #.# #.# .......#
#.#.# #.# #.# .......#
######@#.###.# #.# ######.#
#......†..##.# #.# ######.#
#.........##.# #.# .......#
#.........##.########.# ########
#............[......... ####
#.........##.########.. ...#
#.........##.#.#....... ...######
#..<.........#......<..
...'....########.#.....#.........


There were no monsters in sight!

Vanquished Creatures
  A gnoll (D:1)
  6 adders (D:2)
  A dart slug (D:1)
  4 bats
  2 endoplasms (D:1)
  A giant cockroach (D:1)
  6 goblins
  3 hobgoblins
  5 kobolds
  4 ball pythons (D:2)
  3 frilled lizards
  3 rats (D:1)
39 creatures vanquished.

Notes
Turn   | Place    | Note
-------+----------+-------------------------------------------
     0 | D:1      | jlumianski the Octopode Transmuter began the quest for the
                  | Orb.
     0 | D:1      | Reached XP level 1. HP: 13/13 MP: 3/3
    20 | D:1      | Found a faded altar of an unknown god.
    61 | D:1      | Found Reekk's General Store.
   104 | D:1      | Bought 6 boomerangs for 39 gold pieces
   270 | D:1      | Reached XP level 2. HP: 16/18 MP: 5/5
   822 | D:1      | Reached XP level 3. HP: 15/23 MP: 3/6
  1848 | D:2      | Reached skill level 1 in Stealth
  2135 | D:2      | Reached XP level 4. HP: 28/28 MP: 5/7
  2355 | D:2      | Reached skill level 4 in Unarmed Combat
  3109 | D:2      | HP: 1/28 [poisoned by an adder]
  3110 | D:2      | Succumbed to an adder's poison

Illustrated notes

Levels and vault maps discovered:
D:1:      dpeg_arrival_castle, layout_basic, serial_shops, shop_coins,
          dreamdust_ecumenical_altar_grove
D:2:      layout_basic

Skill      XL: |  1  2  3  4 |
---------------+-------------+-----
Stealth        | 1 |  1.3
Unarmed Combat | 4 |  4.1
Fighting       | |  1.4
Throwing       | |  0.3
Dodging        | |  2.6
Spellcasting   | |  2.5
Transmutations | |  2.2

Action                   |  1- 3 |  4- 6 || total
-------------------------+-------+-------++-------
Melee: Unarmed           |    60 |    28 ||    88
       Tentacles         |    12 |     6 ||    18
       Constrict         |    14 |     4 ||    18
       Kick              |     8 |     5 ||    13
Throw: Boomerang         |     7 |     5 ||    12
 Cast: Beastly Appendage |     7 |     7 ||    14
  Use: Scroll            |       |     1 ||     1
       Potion            |       |     1 ||     1
 Stab: Sleeping          |     6 |     1 ||     7
Armor: Skin              |     3 |       ||     3
Dodge: Dodged            |    24 |    16 ||    40
Block: Buckler           |     6 |     1 ||     7
